[Event "ICC tourney 3048 (40 10)"]
[Site "Internet Chess Club"]
[Date "2022.11.05"]
[Round "1"]
[White "STINSON, RUSSELL:rcstinson"]
[Black "McKenzie, Niall:NiTheGuy"]
[Result "0-1"]
[ICCResult "White checkmated"]
[WhiteElo "1398"]
[BlackElo "1271"]
[Opening "Queen's pawn game"]
[ECO "A45"]
[NIC "QP.07"]
[Time "11:00:17"]
[PlyCount "74"]
[TimeControl "2400+10"]

1. d4 Nf6 2. e3 e6 3. f4 d5 4. Bd3 c5 5. c3 Nc6 6. Nd2 cxd4 7. exd4 Bd6 8.
Nh3 Qc7 9. O-O Bd7 10. Nf3 O-O 11. Ne5 h6 12. Rf3 Ne8 13. Nf2 f5 14. Be3 Nf6
15. Rh3 Bxe5 16. fxe5 Ne4 17. Bxe4 dxe4 18. Bxh6 gxh6 19. Qh5 Rf7 20. Qxh6
Rg7 21. Qh8+ Kf7 22. Qxa8 Bc8 23. Rh8 Rg8 24. Rxg8 Kxg8 25. b4 b6 26. b5 Ne7
27. Nxe4 fxe4 28. Qxe4 Qxc3 29. Rf1 Nf5 30. Qg4+ Kh7 31. Rd1 Qc2 32. Qh5+
Kg7 33. g4 Qxd1+ 34. Kg2 Qe2+ 35. Kg1 Qe1+ 36. Kg2 Bb7+ 37. Kh3 Qe3#
{White checkmated}
0-1

[Event "ICC tourney 3048 (40 10)"]
[Site "Internet Chess Club"]
[Date "2022.11.05"]
[Round "1"]
[White "ANGEL, BORYS:BArkadia"]
[Black "Tkaczewski, Krystian:Krystian127"]
[Result "0-1"]
[ICCResult "White checkmated"]
[WhiteElo "1360"]
[BlackElo "759"]
[Opening "Scandinavian (center counter) defense"]
[ECO "B01"]
[NIC "SD.01"]
[Time "11:00:22"]
[PlyCount "120"]
[TimeControl "2400+10"]

1. e4 d5 2. exd5 Qxd5 3. Nc3 Qa5 4. g3 Nf6 5. Bg2 e5 6. Nge2 Bd6 7. d3 O-O
8. O-O Bf5 9. Bd2 c6 10. a3 Nbd7 11. b4 Qd8 12. f4 Qb6+ 13. Kh1 exf4 14.
Nxf4 Bg4 15. Bf3 Ne5 16. Na4 Qa6 17. Bxg4 Nfxg4 18. d4 Qxa4 19. dxe5 Nxe5
20. Bc3 Rfd8 21. Qh5 f6 22. Ne6 Re8 23. Nd4 c5 24. bxc5 Bxc5 25. Rad1 a6 26.
Rf4 Qd7 27. Qf5 Qxf5 28. Rxf5 Rad8 29. Rf4 Nc6 30. Rd2 Re3 31. Nxc6 Re1+ 32.
Kg2 Rxd2+ 33. Bxd2 Re2+ 34. Kf3 Rxd2 35. Nb4 Rxh2 36. Rc4 Rh5 37. Nd3 b6 38.
a4 a5 39. Nxc5 Rxc5 40. Rxc5 bxc5 41. Ke4 g5 42. Kd5 h5 43. Kxc5 h4 44. gxh4
gxh4 45. c4 h3 46. Kb6 h2 47. c5 h1=Q 48. c6 Qb1+ 49. Kxa5 f5 50. c7 Qb7 51.
c8=Q+ Qxc8 52. Kb6 Qa8 53. a5 f4 54. a6 f3 55. a7 f2 56. Kc5 Qxa7+ 57. Kb4
f1=Q 58. Kb3 Qc7 59. Ka2 Qb8 60. Ka3 Qa6# {White checkmated} 0-1

[Event "ICC tourney 3048 (40 10)"]
[Site "Internet Chess Club"]
[Date "2022.11.05"]
[Round "1"]
[White "Vesval, Thomas:Goofymammoth"]
[Black "ASKEW, GEORGE:BlueStorm"]
[Result "0-1"]
[ICCResult "White checkmated"]
[WhiteElo "1306"]
[BlackElo "1415"]
[Opening "Pirc: Holmov system"]
[ECO "B07"]
[NIC "PU.07"]
[Time "11:19:54"]
[PlyCount "118"]
[TimeControl "2400+10"]

1. e4 d6 2. d4 Nf6 3. Nc3 g6 4. Bc4 a6 5. Nf3 Bg7 6. O-O O-O 7. Re1 b5 8.
Bb3 c5 9. Bd5 Nxd5 10. Nxd5 Bb7 11. Nc3 Nd7 12. Be3 b4 13. Na4 Bxe4 14. dxc5
Bc6 15. cxd6 exd6 16. c3 Bxa4 17. Qxa4 bxc3 18. Rad1 Nb6 19. Qb4 Rb8 20.
Rxd6 Nd5 21. Rxd8 Nxb4 22. Rxf8+ Bxf8 23. bxc3 Nxa2 24. Bd2 Bg7 25. Bf4 Rc8
26. c4 Nc3 27. h3 h6 28. Ne5 g5 29. Bg3 a5 30. Kf1 a4 31. Rc1 Ne4 32. Nd3
Nxg3+ 33. fxg3 a3 34. Nb4 Rb8 35. Na2 Rb2 36. c5 Rxa2 37. c6 Be5 38. c7 Bxc7
39. Rxc7 Rb2 40. Ke1 a2 41. Rc8+ Kg7 42. Ra8 Rb1+ 43. Kf2 a1=Q 44. Rxa1 Rxa1
45. g4 Ra3 46. Kg1 Kg6 47. Kh2 f5 48. g3 fxg4 49. hxg4 h5 50. Kh3 hxg4+ 51.
Kxg4 Ra4+ 52. Kh3 Kf5 53. g4+ Kf4 54. Kh2 Kxg4 55. Kg2 Ra2+ 56. Kf1 Kf3 57.
Kg1 g4 58. Kh1 Kg3 59. Kg1 Ra1# {White checkmated} 0-1

[Event "ICC tourney 3048 (40 10)"]
[Site "Internet Chess Club"]
[Date "2022.11.05"]
[Round "1"]
[White "Romanyuk, Nikita:NikitaR"]
[Black "RIZZO, THOMAS:twrchess"]
[Result "1-0"]
[ICCResult "Black checkmated"]
[WhiteElo "1125"]
[BlackElo "1369"]
[Opening "French: Two knights variation"]
[ECO "C00"]
[NIC "FR.01"]
[Time "11:16:51"]
[PlyCount "165"]
[TimeControl "2400+10"]

1. e4 e6 2. Nf3 d5 3. Nc3 d4 4. Ne2 c5 5. c3 d3 6. Nf4 c4 7. Qa4+ Nc6 8.
Qxc4 e5 9. Nd5 Be6 10. Qxd3 Bc5 11. Ne3 Qc7 12. Qc2 Rd8 13. Bb5 f6 14. O-O
Ne7 15. Rd1 Qb6 16. Bxc6+ Nxc6 17. d3 O-O 18. Nf1 Qc7 19. Be3 Be7 20. d4 Bg4
21. dxe5 Bxf3 22. gxf3 Nxe5 23. Kg2 Rc8 24. Bf4 Qc6 25. Ne3 Ng6 26. Nd5 Qe6
27. Nxe7+ Qxe7 28. Bd6 Qe6 29. Bxf8 Nh4+ 30. Kf1 Kxf8 31. Qd3 Qh3+ 32. Ke2
Ke8 33. Qb5+ Kf7 34. Qd7+ Qxd7 35. Rxd7+ Kg6 36. Rg1+ Kh6 37. Rdxg7 f5 38.
Rxb7 fxe4 39. fxe4 Re8 40. Ke3 Nf5+ 41. Kf4 Nd6 42. Rb4 a5 43. Rb6 Rxe4+ 44.
Kf3 Re6 45. Rxd6 Rxd6 46. Kf4 Rd2 47. Rb1 Rxf2+ 48. Kg3 Rd2 49. b4 axb4 50.
cxb4 Rxa2 51. b5 Ra8 52. b6 Rb8 53. Kf4 Kg6 54. Ke5 Kf7 55. Kd6 Rb7 56. Kc6
Re7 57. b7 Re6+ 58. Kc7 Re7+ 59. Kb8 Re8+ 60. Ka7 Kg6 61. b8=Q Rxb8 62. Rxb8
Kg5 63. Rb2 Kg4 64. Kb6 h5 65. Kc5 h4 66. Rg2+ Kh3 67. Ra2 Kg4 68. Kc4 Kf4
69. Rg2 Kf3 70. Rg8 Kf4 71. Kd3 Kf3 72. Kd4 Kf4 73. Kd5 Kf5 74. Kd6 Kf6 75.
Rg4 Kf5 76. Rxh4 Kg5 77. Ra4 Kh5 78. Ke6 Kg5 79. h3 Kh5 80. Rg4 Kh6 81. Kf7
Kh5 82. Kf6 Kh6 83. Rh4# {Black checkmated} 1-0

[Event "ICC tourney 3048 (40 10)"]
[Site "Internet Chess Club"]
[Date "2022.11.05"]
[Round "2"]
[White "Tkaczewski, Krystian:Krystian127"]
[Black "STINSON, RUSSELL:rcstinson"]
[Result "0-1"]
[ICCResult "White checkmated"]
[WhiteElo "759"]
[BlackElo "1398"]
[Opening "Sicilian defense"]
[ECO "B40"]
[NIC "SI.43"]
[Time "13:15:23"]
[PlyCount "112"]
[TimeControl "2400+10"]

1. e4 c5 2. Nf3 e6 3. Bc4 a6 4. a4 Nc6 5. O-O d6 6. d4 cxd4 7. Nxd4 Nf6 8.
Nc3 Be7 9. Bg5 Nxe4 10. Bxe7 Nxc3 11. Bxd8 Nxd1 12. Nxc6 bxc6 13. Rfxd1 Kxd8
14. Rxd6+ Kc7 15. Rd3 Bb7 16. a5 Rad8 17. Rad1 Rxd3 18. Rxd3 Rd8 19. Rxd8
Kxd8 20. Bd3 Ke7 21. Bxh7 g6 22. h4 Kf6 23. h5 Kg7 24. hxg6 fxg6 25. Bxg6
Kxg6 26. f4 Kf5 27. g3 Kg4 28. Kf2 c5 29. c3 c4 30. Ke3 Kxg3 31. Kd4 Kxf4
32. Kxc4 e5 33. Kd3 Kf3 34. Kd2 Kf2 35. Kd3 e4+ 36. Kd4 e3 37. Kc5 e2 38.
Kb6 e1=Q 39. Kxb7 Qb1 40. Kxa6 Qxb2 41. c4 Qc3 42. Kb5 Qe5+ 43. Kb6 Qd4+ 44.
Kb5 Ke3 45. a6 Qa7 46. c5 Kd4 47. c6 Kd5 48. c7 Qxc7 49. a7 Qxa7 50. Kb4
Qc5+ 51. Kb3 Kd4 52. Kb2 Kd3 53. Kb1 Qc2+ 54. Ka1 Qd2 55. Kb1 Kc3 56. Ka1
Qb2# {White checkmated} 0-1

[Event "ICC tourney 3048 (40 10)"]
[Site "Internet Chess Club"]
[Date "2022.11.05"]
[Round "2"]
[White "McKenzie, Niall:NiTheGuy"]
[Black "NANDURBARKAR, ANSH S:anandurbarkar"]
[Result "1-0"]
[ICCResult "Black checkmated"]
[WhiteElo "1271"]
[BlackElo "1062"]
[Opening "Giuoco Piano"]
[ECO "C50"]
[NIC "IG.02"]
[Time "13:15:15"]
[PlyCount "93"]
[TimeControl "2400+10"]

1. e4 e5 2. Nf3 Nc6 3. Bc4 Bc5 4. O-O Nf6 5. d3 O-O 6. Bg5 d6 7. Nc3 Be6 8.
Nd5 Bxd5 9. Bxd5 Re8 10. a3 a5 11. c3 a4 12. Ba2 b5 13. Bd5 Ra6 14. d4 Ba7
15. Qd3 Rb6 16. Bxc6 Rxc6 17. Qxb5 Qa8 18. Bxf6 gxf6 19. Qxa4 exd4 20. Nxd4
Rxe4 21. Qxc6 Qxc6 22. Nxc6 Bb6 23. a4 Rc4 24. Ne7+ Kf8 25. Nd5 Ba7 26. Nxf6
Kg7 27. Nd5 c6 28. b3 Rg4 29. Ne3 Rg6 30. c4 Bd4 31. Rab1 h5 32. Nf5+ Kh7
33. Nxd4 c5 34. Nb5 h4 35. a5 h3 36. g3 f5 37. a6 f4 38. a7 fxg3 39. fxg3
Rg8 40. Nc7 Rc8 41. a8=Q Rxa8 42. Nxa8 Kg6 43. Rbe1 Kg5 44. Re8 Kg4 45. Rg8+
Kh5 46. Rf4 d5 47. Rh4# {Black checkmated} 1-0

[Event "ICC tourney 3048 (40 10)"]
[Site "Internet Chess Club"]
[Date "2022.11.05"]
[Round "2"]
[White "RIZZO, THOMAS:twrchess"]
[Black "ANGEL, BORYS:BArkadia"]
[Result "0-1"]
[ICCResult "White resigns"]
[WhiteElo "1369"]
[BlackElo "1360"]
[Opening "King's Indian: 5.Be2"]
[ECO "E73"]
[NIC "KI.27"]
[Time "13:15:17"]
[PlyCount "62"]
[TimeControl "2400+10"]

1. c4 Nf6 2. Nc3 d6 3. d4 g6 4. e4 Bg7 5. Be2 Nc6 6. h3 e5 7. Nf3 O-O 8. O-O
Re8 9. d5 Nd4 10. Bd3 a6 11. Be3 Nd7 12. Rc1 Nc5 13. Bb1 a5 14. Nxd4 exd4
15. Bxd4 Qh4 16. Bxg7 Kxg7 17. Qf3 Bd7 18. Rfe1 Re5 19. Ne2 Rae8 20. Ng3 f5
21. Qc3 f4 22. Nf1 Kg8 23. Nh2 Rg5 24. Nf3 Rxg2+ 25. Kxg2 Qxh3+ 26. Kg1 Bg4
27. Nh2 f3 28. Nxf3 Bxf3 29. Qxf3 Qxf3 30. Re3 Qh5 31. Rcc3 Qd1+ {White
resigns} 0-1

[Event "ICC tourney 3048 (40 10)"]
[Site "Internet Chess Club"]
[Date "2022.11.05"]
[Round "2"]
[White "ASKEW, GEORGE:BlueStorm"]
[Black "Romanyuk, Nikita:NikitaR"]
[Result "1-0"]
[ICCResult "Black checkmated"]
[WhiteElo "1415"]
[BlackElo "1125"]
[Opening "Trompowsky attack (Ruth, Opocenský opening)"]
[ECO "A45"]
[NIC "QP.07"]
[Time "13:15:14"]
[PlyCount "157"]
[TimeControl "2400+10"]

1. d4 Nf6 2. Bg5 d5 3. Nd2 g6 4. Bxf6 exf6 5. e3 c5 6. c3 Nc6 7. g3 Bf5 8.
Qb3 Rb8 9. Bg2 c4 10. Qb5 Be6 11. Ne2 Qa5 12. Qxa5 Nxa5 13. Nf4 Rd8 14. O-O
Nc6 15. Rad1 b5 16. e4 Ne7 17. exd5 Nxd5 18. Nxe6 fxe6 19. Rfe1 Kf7 20. Re2
Bh6 21. Rde1 Rhe8 22. Ne4 Bf8 23. Bh3 Nc7 24. Re3 h6 25. Bg2 Nd5 26. R3e2 f5
27. Nd2 Re7 28. Nf3 Bg7 29. Ne5+ Bxe5 30. Rxe5 Kf6 31. f4 Kf7 32. Kf2 Kf6
33. R1e2 g5 34. fxg5+ hxg5 35. Bh3 g4 36. Bg2 Rd6 37. h3 gxh3 38. Bxh3 Kf7
39. Kg2 a6 40. Rf2 Nf6 41. g4 fxg4 42. Bxg4 Kg6 43. Bf5+ Kf7 44. Bc2 Re8 45.
Rf3 Rg8+ 46. Rg3 Rxg3+ 47. Kxg3 Rd5 48. Rxd5 exd5 49. Bf5 Ne8 50. Bc8 Nc7
51. Kf4 Ke7 52. Ke5 a5 53. Bb7 b4 54. Bxd5 bxc3 55. bxc3 Nb5 56. Bxc4 Nxc3
57. d5 Kd7 58. Kd4 Na4 59. Bb5+ Kd6 60. Bxa4 Ke7 61. Bc6 Kd6 62. Kc4 a4 63.
Kb4 Kc7 64. Kxa4 Kb6 65. Kb4 Kc7 66. Kc5 Kd8 67. Kd6 Kc8 68. Ke7 Kb8 69. d6
Ka7 70. d7 Kb6 71. d8=Q+ Kxc6 72. Qd6+ Kb5 73. Qb8+ Ka4 74. Qb3+ Ka5 75. a4
Ka6 76. Qb5+ Ka7 77. Kd7 Ka8 78. Kc7 Ka7 79. Qb7# {Black checkmated} 1-0

[Event "ICC tourney 3048 (40 10)"]
[Site "Internet Chess Club"]
[Date "2022.11.05"]
[Round "3"]
[White "McKenzie, Niall:NiTheGuy"]
[Black "ASKEW, GEORGE:BlueStorm"]
[Result "1-0"]
[ICCResult "Black resigns"]
[WhiteElo "1271"]
[BlackElo "1415"]
[Opening "Pirc: Ufimtsev-Pytel variation"]
[ECO "B07"]
[NIC "PU.08"]
[Time "15:30:03"]
[PlyCount "53"]
[TimeControl "2400+10"]

1. e4 d6 2. d4 Nf6 3. Nc3 c6 4. Nf3 Nbd7 5. Bf4 Nh5 6. Be3 b5 7. e5 g6 8.
exd6 exd6 9. d5 c5 10. Bxb5 Bg7 11. O-O Bxc3 12. bxc3 Qa5 13. c4 O-O 14. Bh6
Re8 15. Re1 Rxe1+ 16. Qxe1 Qxe1+ 17. Rxe1 Nhf6 18. g4 Bb7 19. g5 a6 20. Ba4
Nb6 21. gxf6 Nxa4 22. Re7 Bxd5 23. cxd5 Nc3 24. Ng5 Nxd5 25. Rxf7 Nxf6 26.
Rg7+ Kf8 27. Ra7+ {Black resigns} 1-0

[Event "ICC tourney 3048 (40 10)"]
[Site "Internet Chess Club"]
[Date "2022.11.05"]
[Round "3"]
[White "Tkaczewski, Krystian:Krystian127"]
[Black "Vesval, Thomas:Goofymammoth"]
[Result "0-1"]
[ICCResult "White checkmated"]
[WhiteElo "759"]
[BlackElo "1306"]
[Opening "Sicilian: Alapin's variation (2.c3)"]
[ECO "B22"]
[NIC "SI.46"]
[Time "15:30:05"]
[PlyCount "160"]
[TimeControl "2400+10"]

1. e4 c5 2. c3 e6 3. d4 d5 4. Bb5+ Bd7 5. Bxd7+ Nxd7 6. dxc5 Nxc5 7. exd5
Qxd5 8. Qxd5 exd5 9. Nf3 Nd3+ 10. Kd2 Nxf2 11. Rf1 Ne4+ 12. Kc2 f6 13. Re1
O-O-O 14. Bf4 Bd6 15. Bxd6 Rxd6 16. Na3 Nh6 17. Rad1 Re8 18. Nd2 f5 19. h3
a6 20. g4 g6 21. g5 Nf7 22. h4 Kd7 23. Nxe4 dxe4 24. Rxd6+ Nxd6 25. Rd1 Kc7
26. b3 f4 27. Kd2 f3 28. Ke1 e3 29. Rc1 Ne4 30. Nc4 f2+ 31. Kf1 Ng3+ 32. Kg2
f1=Q+ 33. Rxf1 Nxf1 34. Kxf1 e2+ 35. Ke1 Re4 36. Nd2 Rxh4 37. Kxe2 Rg4 38.
Nf3 Rg2+ 39. Kd3 Rxa2 40. b4 a5 41. bxa5 Rxa5 42. c4 Rf5 43. Ke4 Rxf3 44.
Kxf3 Kd6 45. Ke4 Ke6 46. Kd4 Kf5 47. Kc5 Kxg5 48. Kb6 Kh4 49. Kxb7 g5 50. c5
g4 51. c6 g3 52. c7 g2 53. c8=Q g1=Q 54. Qd8+ Qg5 55. Qd4+ Kh5 56. Qd1+ Qg4
57. Qd5+ Kh4 58. Qd8+ Qg5 59. Qd4+ Kh5 60. Qd1+ Kh6 61. Qh1+ Kg7 62. Qa1+
Qf6 63. Qg1+ Kh8 64. Qc1 Qe7+ 65. Kb6 Qd8+ 66. Qc7 Qxc7+ 67. Kxc7 h5 68. Kd6
h4 69. Ke5 h3 70. Kf4 h2 71. Kg3 h1=Q 72. Kf2 Qh3 73. Kg1 Qf3 74. Kh2 Qg4
75. Kh1 Kg7 76. Kh2 Kf6 77. Kh1 Kf5 78. Kh2 Kf4 79. Kh1 Kf3 80. Kh2 Qg2#
{White checkmated}
0-1

[Event "ICC tourney 3048 (40 10)"]
[Site "Internet Chess Club"]
[Date "2022.11.05"]
[Round "3"]
[White "STINSON, RUSSELL:rcstinson"]
[Black "Romanyuk, Nikita:NikitaR"]
[Result "1-0"]
[ICCResult "Black checkmated"]
[WhiteElo "1398"]
[BlackElo "1125"]
[Opening "Queen's pawn game"]
[ECO "A45"]
[NIC "QP.07"]
[Time "15:30:00"]
[PlyCount "65"]
[TimeControl "2400+10"]

1. d4 Nf6 2. e3 g6 3. Nf3 Bg7 4. c4 d6 5. Be2 O-O 6. O-O Nc6 7. Nc3 Re8 8.
Rb1 e5 9. d5 Nb8 10. e4 c6 11. Bg5 h6 12. Be3 cxd5 13. cxd5 Nbd7 14. Nd2 b6
15. Nc4 Nc5 16. f3 Rf8 17. b4 Na6 18. Qd2 Kh7 19. f4 Nd7 20. Nxd6 exf4 21.
Bxf4 Nf6 22. e5 Ne8 23. Nxe8 Rxe8 24. Bb5 Re7 25. d6 Re6 26. Bc6 Rb8 27. Bd5
Re8 28. Bxf7 Rf8 29. e6 Bxc3 30. Qxc3 Qxd6 31. Bxd6 Rb7 32. Bxf8 Rc7 33.
Qg7# {Black checkmated} 1-0

[Event "ICC tourney 3048 (40 10)"]
[Site "Internet Chess Club"]
[Date "2022.11.05"]
[Round "3"]
[White "NANDURBARKAR, ANSH S:anandurbarkar"]
[Black "ANGEL, BORYS:BArkadia"]
[Result "0-1"]
[ICCResult "White checkmated"]
[WhiteElo "1062"]
[BlackElo "1360"]
[Opening "Giuoco Piano: four knights variation"]
[ECO "C47"]
[NIC "KP.06"]
[Time "15:30:00"]
[PlyCount "76"]
[TimeControl "2400+10"]

1. e4 e5 2. Nf3 Nc6 3. Nc3 Nf6 4. Bc4 Bc5 5. O-O d6 6. a3 a5 7. h3 O-O 8.
Re1 h6 9. d3 Ne7 10. Be3 Bxe3 11. fxe3 c6 12. d4 Qc7 13. Qe2 Ng6 14. Rad1 b5
15. dxe5 dxe5 16. Ba2 b4 17. Na4 Nxe4 18. Qc4 Nd6 19. Qc5 Nf5 20. e4 Nfh4
21. Nxh4 Nxh4 22. Nb6 Qa7 23. Qxc6 Rb8 24. Rd6 Be6 25. Bxe6 fxe6 26. Kh1 Qf7
27. Qc5 bxa3 28. bxa3 Nxg2 29. Kxg2 Qf3+ 30. Kh2 Qf4+ 31. Kg2 Qg5+ 32. Kh1
Rf3 33. Rd3 Rbf8 34. Rxf3 Rxf3 35. Re2 Rf1+ 36. Kh2 Qf4+ 37. Kg2 Qf3+ 38.
Kh2 Rh1# {White checkmated} 0-1

[Event "ICC tourney 3048 (40 10)"]
[Site "Internet Chess Club"]
[Date "2022.11.05"]
[Round "4"]
[White "NANDURBARKAR, ANSH S:anandurbarkar"]
[Black "Tkaczewski, Krystian:Krystian127"]
[Result "1-0"]
[ICCResult "Black checkmated"]
[WhiteElo "1062"]
[BlackElo "759"]
[Opening "Scandinavian (center counter) defense"]
[ECO "B01"]
[NIC "SD.01"]
[Time "17:45:44"]
[PlyCount "29"]
[TimeControl "2400+10"]

1. e4 d5 2. exd5 Qxd5 3. Nc3 Qa5 4. Nf3 Nf6 5. Bc4 e5 6. O-O Bd6 7. Re1 O-O
8. d4 exd4 9. Qxd4 Rd8 10. Qh4 Bg4 11. Ng5 Rf8 12. Bd2 c6 13. Nce4 Qd8 14.
Nxf6+ Qxf6 15. Qxh7# {Black checkmated} 1-0

[Event "ICC tourney 3048 (40 10)"]
[Site "Internet Chess Club"]
[Date "2022.11.05"]
[Round "4"]
[White "ANGEL, BORYS:BArkadia"]
[Black "McKenzie, Niall:NiTheGuy"]
[Result "1-0"]
[ICCResult "Black checkmated"]
[WhiteElo "1360"]
[BlackElo "1271"]
[Opening "Sicilian: accelerated fianchetto, Maróczy bind, 5...Bg7"]
[ECO "B37"]
[NIC "SI.33"]
[Time "17:45:35"]
[PlyCount "55"]
[TimeControl "2400+10"]

1. e4 c5 2. Nf3 Nc6 3. d4 cxd4 4. Nxd4 g6 5. c4 Bg7 6. Nxc6 bxc6 7. Nc3 e6
8. Be3 Ne7 9. Bc5 O-O 10. Be2 Re8 11. Bd6 Qb6 12. Rb1 Ba6 13. c5 Qb7 14. O-O
Bxe2 15. Qxe2 Nc8 16. Bf4 Qb4 17. Rfd1 a5 18. a3 Qb7 19. e5 Ne7 20. Ne4 Reb8
21. Nf6+ Bxf6 22. exf6 Nd5 23. Bxb8 Rxb8 24. Qe5 Qb5 25. a4 Qb4 26. Rd4 Qb3
27. h4 Qc2 28. Qxb8# {Black checkmated} 1-0

[Event "ICC tourney 3048 (40 10)"]
[Site "Internet Chess Club"]
[Date "2022.11.05"]
[Round "4"]
[White "Vesval, Thomas:Goofymammoth"]
[Black "RIZZO, THOMAS:twrchess"]
[Result "1/2-1/2"]
[ICCResult "Game drawn by repetition"]
[WhiteElo "1306"]
[BlackElo "1369"]
[Opening "French: advance, Euwe variation"]
[ECO "C02"]
[NIC "FR.03"]
[Time "17:45:44"]
[PlyCount "139"]
[TimeControl "2400+10"]

1. e4 e6 2. d4 d5 3. e5 c5 4. c3 Nc6 5. Nf3 Bd7 6. Be2 Rc8 7. O-O Qb6 8. b3
Nge7 9. Be3 Nf5 10. a4 cxd4 11. cxd4 a5 12. Bb5 Be7 13. Nc3 O-O 14. Rc1 f6
15. Qd2 Nxe3 16. Qxe3 fxe5 17. Nxe5 Nxe5 18. Qxe5 Bf6 19. Nxd5 exd5 20.
Qxd5+ Be6 21. Qe4 Bxd4 22. Rcd1 Rxf2 23. Qxd4 Rxf1+ 24. Bxf1 Qxd4+ 25. Rxd4
Bxb3 26. Re4 Bd5 27. Re5 Rd8 28. g3 Kf7 29. Bg2 Bxg2 30. Kxg2 b6 31. Rb5 Rd6
32. Kf3 Ke7 33. Ke4 h6 34. h4 Kd7 35. h5 Kc6 36. g4 Re6+ 37. Kf4 Rf6+ 38.
Rf5 Rxf5+ 39. Kxf5 b5 40. axb5+ Kxb5 41. Kg6 a4 42. Kxg7 a3 43. Kxh6 a2 44.
g5 a1=Q 45. g6 Qc1+ 46. Kh7 Qc2 47. h6 Kc5 48. Kg7 Qc3+ 49. Kg8 Qc4+ 50. Kh8
Qe6 51. Kh7 Qe4 52. Kg7 Qe5+ 53. Kh7 Qf5 54. Kg7 Qe5+ 55. Kg8 Qe6+ 56. Kh7
Qe4 57. Kg7 Qe7+ 58. Kh8 Qf8+ 59. Kh7 Qf5 60. Kg7 Qd7+ 61. Kh8 Qe8+ 62. Kh7
Qe4 63. Kg7 Qe7+ 64. Kh8 Qe8+ 65. Kh7 Qe4 66. Kg7 Qe7+ 67. Kh8 Qe8+ 68. Kh7
Qe4 69. Kg7 Qe7+ 70. Kh8 {Game drawn by repetition} 1/2-1/2

[Event "ICC tourney 3048 (40 10)"]
[Site "Internet Chess Club"]
[Date "2022.11.05"]
[Round "4"]
[White "ASKEW, GEORGE:BlueStorm"]
[Black "STINSON, RUSSELL:rcstinson"]
[Result "0-1"]
[ICCResult "White resigns"]
[WhiteElo "1415"]
[BlackElo "1398"]
[Opening "Trompowsky attack (Ruth, Opocenský opening)"]
[ECO "A45"]
[NIC "QP.07"]
[Time "17:45:52"]
[PlyCount "118"]
[TimeControl "2400+10"]

1. d4 Nf6 2. Bg5 d5 3. Nd2 Bf5 4. Ngf3 Nbd7 5. e3 h6 6. Bxf6 Nxf6 7. c4 c6
8. cxd5 cxd5 9. Bb5+ Bd7 10. Bxd7+ Qxd7 11. Ne5 Qb5 12. Qb3 Qa6 13. Rc1 b6
14. Qc3 Qb7 15. O-O e6 16. Qc7 Qxc7 17. Rxc7 Bd6 18. Rc6 Bxe5 19. dxe5 Nd7
20. Rfc1 O-O 21. f4 Nc5 22. Nf3 Rab8 23. Rc7 a5 24. Nd4 Rbc8 25. Rxc8 Rxc8
26. Nb5 Rb8 27. b3 a4 28. bxa4 Ra8 29. Rc3 Rxa4 30. Ra3 Rb4 31. Ra8+ Kh7 32.
Nd6 Ne4 33. Nxe4 Rxe4 34. Kf2 d4 35. exd4 Rxf4+ 36. Ke3 Rf1 37. Rb8 Rb1 38.
a4 Rb2 39. a5 Rxg2 40. axb6 Rxh2 41. b7 Rb2 42. Kd3 h5 43. Kc3 Rb1 44. Kc2
Rb6 45. Kd3 h4 46. Ke4 Rb3 47. Rf8 Rxb7 48. Kf4 Kg6 49. Rh8 Rd7 50. Ke4 Kg5
51. Rh7 g6 52. Rh8 Kg4 53. Rh7 f5+ 54. exf6 Rxh7 55. Ke5 h3 56. Kxe6 h2 57.
f7 Rxf7 58. Kxf7 h1=Q 59. Kxg6 Qe4+ {White resigns} 0-1

[Event "ICC tourney 3048 (40 10)"]
[Site "Internet Chess Club"]
[Date "2022.11.05"]
[Round "5"]
[White "McKenzie, Niall:NiTheGuy"]
[Black "Vesval, Thomas:Goofymammoth"]
[Result "1-0"]
[ICCResult "Black checkmated"]
[WhiteElo "1271"]
[BlackElo "1306"]
[Opening "Sicilian: accelerated fianchetto, modern variation with Bc4"]
[ECO "B35"]
[NIC "SI.33"]
[Time "20:01:53"]
[PlyCount "125"]
[TimeControl "2400+10"]

1. e4 c5 2. Nf3 Nc6 3. d4 cxd4 4. Nxd4 g6 5. Nc3 Bg7 6. Be3 Nf6 7. Bc4 Qa5
8. O-O O-O 9. Bb3 d6 10. Qd2 Nxd4 11. Bxd4 Nxe4 12. Nxe4 Qxd2 13. Nxd2 Bxd4
14. c3 Bf6 15. Rfe1 e6 16. Ne4 Be5 17. g3 d5 18. Nd2 Bg7 19. Rad1 Bd7 20.
Nf3 Bc6 21. Nd4 Bxd4 22. Rxd4 Rfe8 23. Rd2 Rad8 24. Rde2 a5 25. Re5 a4 26.
Bc2 d4 27. cxd4 Rxd4 28. Be4 f6 29. Bxc6 bxc6 30. Rxe6 Rxe6 31. Rxe6 Rd2 32.
Re4 Rxb2 33. Rxa4 Rb1+ 34. Kg2 Rc1 35. Ra8+ Kg7 36. a4 c5 37. a5 c4 38. a6
c3 39. Rc8 c2 40. Rc7+ Kh6 41. a7 Ra1 42. Rxc2 Rxa7 43. Rc6 f5 44. Rc8 Ra4
45. Rc7 f4 46. Kh3 g5 47. Rc6+ Kg7 48. Rc5 h6 49. Rc6 fxg3 50. hxg3 Ra2 51.
f4 gxf4 52. gxf4 Ra3+ 53. Kg4 Ra1 54. Kf5 Ra5+ 55. Ke6 Ra4 56. f5 Rf4 57.
Ke5 Ra4 58. Rc7+ Kh8 59. Kf6 Ra6+ 60. Kf7 h5 61. f6 h4 62. Kg6 h3 63. Rc8#
{Black checkmated}
1-0

[Event "ICC tourney 3048 (40 10)"]
[Site "Internet Chess Club"]
[Date "2022.11.05"]
[Round "5"]
[White "RIZZO, THOMAS:twrchess"]
[Black "ASKEW, GEORGE:BlueStorm"]
[Result "1/2-1/2"]
[ICCResult "Game drawn by mutual agreement"]
[WhiteElo "1369"]
[BlackElo "1415"]
[Opening "King's Indian: Averbakh system"]
[ECO "E73"]
[NIC "KI.26"]
[Time "20:02:18"]
[PlyCount "53"]
[TimeControl "2400+10"]

1. c4 g6 2. Nc3 Bg7 3. d4 d6 4. e4 Nf6 5. Bg5 O-O 6. Be2 Nc6 7. Nf3 a6 8.
O-O Re8 9. h3 b6 10. a3 Bb7 11. Qc2 h6 12. Be3 e5 13. Qd2 Kh7 14. dxe5 dxe5
15. Rad1 Qe7 16. Nd5 Nxd5 17. cxd5 Nd4 18. Nxd4 exd4 19. Bxd4 Bxd4 20. Qxd4
Qxe4 21. Qxe4 Rxe4 22. Bf3 Re5 23. d6 Bxf3 24. gxf3 cxd6 25. Rxd6 b5 26. Rc1
Re6 27. Rxe6 {Game drawn by mutual agreement} 1/2-1/2

[Event "ICC tourney 3048 (40 10)"]
[Site "Internet Chess Club"]
[Date "2022.11.05"]
[Round "5"]
[White "STINSON, RUSSELL:rcstinson"]
[Black "ANGEL, BORYS:BArkadia"]
[Result "0-1"]
[ICCResult "White checkmated"]
[WhiteElo "1398"]
[BlackElo "1360"]
[Opening "Queen's pawn game"]
[ECO "A45"]
[NIC "QP.07"]
[Time "20:01:51"]
[PlyCount "64"]
[TimeControl "2400+10"]

1. d4 Nf6 2. e3 d6 3. Nf3 g6 4. c4 Bg7 5. Be2 Nbd7 6. O-O O-O 7. Nc3 Re8 8.
b4 e5 9. Qb3 e4 10. Ng5 h6 11. Nh3 c5 12. Rd1 cxb4 13. Qxb4 Nb6 14. c5 Nbd5
15. Qb3 Nxc3 16. Qxc3 Nd5 17. Qb3 dxc5 18. Bc4 Be6 19. Bb2 Nc7 20. Nf4 Bxc4
21. Qxc4 Qg5 22. Ba3 cxd4 23. Qxc7 dxe3 24. Rab1 exf2+ 25. Kxf2 Be5 26. Bd6
Qxf4+ 27. Ke2 Bxd6 28. Rxd6 Qg4+ 29. Kf2 Rac8 30. Qxb7 Rc2+ 31. Ke3 Qg5+ 32.
Kd4 Qc5# {White checkmated} 0-1